 Dungeon Crawl Stone Soup version 0.31.0-9-g3a7656b989 (webtiles) character file.

Game seed: 17564154259769181603

634 qw the Skirmisher (level 7, 0/40 HPs)
             Began as a Deep Elf Hunter on Feb 2, 2024.
             Slain by a phantom (1 damage)
             ... on level 5 of the Dungeon.
             The game lasted 00:00:20 (3418 turns).

qw the Skirmisher (Deep Elf Hunter)                 Turns: 3418, Time: 00:00:20

Health: 0/40       AC:  6    Str: 10    XL:     7   Next: 25%
Magic:  9/9        EV: 16    Int: 14    God:
Gold:   230        SH:  0    Dex: 18    Spells: 6/6 levels left

rFire   . . .        a - +2 shortbow
rCold   . . .        (shield currently unavailable)
rNeg    . . .        g - +0 ring mail
rPois   .            i - +0 helmet
rElec   .            (no cloak)
rCorr   .            (no gloves)
SInv    .            (no boots)
Will    .....        (no amulet)
Stlth   +            b - +5 ring of evasion
HPRegen 0.26/turn    (no ring)
MPRegen 0.11/turn

%: no passive effects
@: no status effects
A: no striking features
a: no special abilities


You were on level 5 of the Dungeon.
You visited 1 branch of the dungeon, and saw 5 of its levels.
You also visited: Sewer.

You collected 230 gold pieces.


   Skills:
 - Level 2.1 Fighting
 + Level 10.9 Ranged Weapons
 - Level 1.0 Armour
 - Level 3.0 Dodging
 - Level 1.2 Stealth


You had 6 spell levels left.
You didn't know any spells.
Your spell library was empty.

Inventory:

Hand Weapons
 a - a +2 shortbow (weapon)
Armour
 g - a +0 ring mail (worn)
 i - a +0 helmet (worn)
Jewellery
 b - a +5 ring of evasion (left hand)
 h - a ring of ice
Wands
 m - a wand of charming (3)
Potions
 c - 2 potions of enlightenment
 d - a potion of might
 e - 3 potions of curing
 j - a potion of magic {unknown}
 k - a potion of brilliance {unknown}

Dungeon Overview and Level Annotations

Branches:
Dungeon (5/15)              Sewer (visited)
 Temple: D:4-7

Altars:
Sif Muna
Uskayaw
Zin

Annotations:
D:2 1 runed translucent door, Crazy Yiuf
D:3 2 transporters, qw's ghost, amateur SpHu


Message History

You shoot an arrow. The arrow barely misses the phantom.
The phantom hits you. The iguana completely misses you.
The phantom closely misses you. The iguana bites you!
You shoot an arrow. The arrow hits the phantom!
The phantom is almost destroyed.
The phantom hits you. The iguana misses you.
3408 ||| READING scroll of teleportation.
As you read the scroll of teleportation, it crumbles to dust.
You feel strangely unstable. The iguana misses you.
The phantom hits you but does no damage.
You shoot an arrow. The arrow hits the phantom!
You destroy the phantom!
The iguana bites you but does no damage.
You shoot an arrow.
The arrow hits the iguana but does no damage.
Your surroundings suddenly seem different.
A phantom comes into view.
Found 14 gold pieces and a potion of heal wounds.
Found an escape hatch in the floor.
You shoot an arrow. The arrow hits the phantom.
The phantom is lightly damaged.
You shoot an arrow. The arrow hits the phantom.
The phantom is moderately damaged.
The phantom hits you.
You shoot an arrow. The arrow barely misses the phantom.
The phantom hits you.
The phantom blinks!
You blink.
You shoot an arrow. The arrow hits the phantom.
The phantom is moderately damaged.
The phantom hits you.
You shoot an arrow. The arrow hits the phantom.
The phantom is heavily damaged.
You shoot an arrow. The arrow closely misses the phantom.
The phantom completely misses you.
You shoot an arrow. The arrow closely misses the phantom.
The phantom hits you.
You shoot an arrow. The arrow hits the phantom!
The phantom is almost destroyed.
The phantom hits you.
You die...

....###....
#...... ##
#....
###......
#....
........##
#.### .......#
# ...
......#.# .##
#....#.#
#####..W..!#
.......@...#
..........$#
...........#
.............#
>........#####
#####.....
.##.### #. #..
# ...


You could see a phantom.

Vanquished Creatures
  A phantom (D:5)
  A kobold brigand (Sewer)
  A bombardier beetle (D:4)
  2 jellies
  A quasit (D:4)
  2 iguanas (D:4)
  An orc wizard (D:4)
  Robin (D:2)
  7 gnolls
  A river rat (Sewer)
  2 adders
  3 shadow imps (D:4)
  2 white imps (D:4)
  3 ufetubi (D:4)
  2 ribbon worms (D:3)
  7 dart slugs
  5 orcs
  6 endoplasms
  3 giant cockroaches
  10 goblins
  16 hobgoblins
  3 jackals (Sewer)
  5 quokkas
  11 ball pythons
  2 frilled lizards
  9 kobolds
  14 rats
121 creatures vanquished.

Notes
Turn   | Place    | Note
-------+----------+-------------------------------------------
     0 | D:1      | qw the Deep Elf Hunter began the quest for the Orb.
     0 | D:1      | Reached XP level 1. HP: 12/12 MP: 3/3
     0 | D:1      | 0 ||| qw: Version: 0.3-a-155-g5e7d8dd
     0 | D:1      | 0 ||| qw: Game counter: 475
     0 | D:1      | 0 ||| qw: Melee chars always use a shield: true
     0 | D:1      | 0 ||| qw: God list: Okawaru
     0 | D:1      | 0 ||| qw: Allow faded altars: false
     0 | D:1      | 0 ||| qw: Do Orc after clearing Dungeon:15 true
     0 | D:1      | 0 ||| qw: Do second Lair branch before Depths: true
     0 | D:1      | 0 ||| qw: Lair rune preference: random
     0 | D:1      | 0 ||| qw: Goals: Normal
     0 | D:1      | 0 ||| PLANNING D:1-11
   100 | D:1      | Found a faded altar of an unknown god.
   149 | D:1      | Reached XP level 2. HP: 16/16 MP: 4/4
   158 | D:1      | Reached skill level 6 in Ranged Weapons
   251 | D:1      | 251 ||| READING scroll labelled LUESAZXEWI.
   303 | D:1      | 303 ||| DROPPING scroll of butterflies.
   335 | D:1      | 335 ||| UPGRADING to +5 ring of evasion.
   336 | D:1      | 336 ||| READING scroll labelled DYISIJ BUIH.
   876 | D:1      | 876 ||| UPGRADING to +0 ring mail.
   886 | D:1      | 886 ||| DROPPING +0 leather armour.
   887 | D:1      | 887 ||| READING scroll labelled PYKYBB UCIRAI.
   890 | D:1      | 890 ||| READING scroll labelled ERYMADGH CEEP.
   890 | D:1      | 890 ||| IDENTIFYING orange potion
   891 | D:1      | 891 ||| DROPPING potion of attraction.
   914 | D:2      | 914 ||| STAIRDANCE
   918 | D:1      | Reached XP level 3. HP: 12/20 MP: 5/5
   955 | D:2      | 955 ||| STAIRDANCE
   963 | D:2      | 963 ||| STAIRDANCE
   975 | D:2      | 975 ||| STAIRDANCE
  1005 | D:2      | Reached skill level 7 in Ranged Weapons
  1096 | D:2      | Noticed Robin
  1112 | D:2      | Killed Robin
  1113 | D:2      | Reached XP level 4. HP: 13/25 MP: 6/6
  1113 | D:2      | 1113 ||| FLEEEEING.
  1114 | D:2      | 1114 ||| FLEEEEING.
  1115 | D:2      | 1115 ||| FLEEEEING.
  1116 | D:2      | 1116 ||| FLEEEEING.
  1117 | D:2      | 1117 ||| FLEEEEING.
  1119 | D:2      | 1119 ||| FLEEEEING.
  1120 | D:2      | 1120 ||| FLEEEEING.
  1121 | D:2      | 1121 ||| FLEEEEING.
  1122 | D:2      | 1122 ||| FLEEEEING.
  1123 | D:2      | 1123 ||| FLEEEEING.
  1124 | D:2      | 1124 ||| FLEEEEING.
  1125 | D:2      | 1125 ||| FLEEEEING.
  1126 | D:2      | 1126 ||| FLEEEEING.
  1127 | D:2      | 1127 ||| FLEEEEING.
  1128 | D:2      | 1128 ||| FLEEEEING.
  1129 | D:2      | 1129 ||| FLEEEEING.
  1130 | D:2      | 1130 ||| FLEEEEING.
  1131 | D:2      | 1131 ||| FLEEEEING.
  1267 | D:2      | You fall into a shaft and drop 1 floor!
  1274 | D:3      | 1274 ||| PLANNING SEWER
  1379 | D:3      | Reached skill level 8 in Ranged Weapons
  1530 | D:3      | Found a transporter.
  1538 | D:3      | Noticed qw's ghost (amateur SpHu)
  1566 | D:3      | Reached XP level 5. HP: 29/29 MP: 7/7
  1567 | D:3      | Found a transporter.
  1766 | D:3      | Found a glowing drain.
  1767 | D:3      | 1767 ||| READING 2 scrolls of identify.
  1767 | D:3      | 1767 ||| IDENTIFYING white potion
  1768 | D:3      | 1768 ||| READING scroll of identify.
  1768 | D:3      | 1768 ||| IDENTIFYING fuming puce potion
  1769 | D:3      | 1769 ||| READING 2 scrolls labelled HUYDAR HEOD.
  1770 | D:3      | 1770 ||| READING 2 scrolls labelled HIKAOPT LEWOXI.
  1770 | D:3      | 1770 ||| ENCHANTING +0 shortbow.
  1771 | D:3      | 1771 ||| READING scroll of enchant weapon.
  1771 | D:3      | 1771 ||| ENCHANTING +1 shortbow.
  1772 | D:3      | 1772 ||| READING scroll labelled BAOH EPEYCI.
  1873 | D:3      | 1873 ||| DRINKING 2 black potions.
  1874 | D:3      | 1874 ||| DROPPING scroll of immolation.
  1893 | Sewer    | Entered a sewer
  1962 | Sewer    | 1962 ||| DRINKING potion of haste.
  1967 | Sewer    | HP: 7/29 [poisoned by a kobold brigand (curare-tipped
                  | dart)]
  1968 | Sewer    | 1968 ||| READING scroll of teleportation.
  1969 | Sewer    | 1969 ||| DRINKING potion of heal wounds.
  1972 | Sewer    | Reached skill level 9 in Ranged Weapons
  2040 | Sewer    | Found a glowing silver altar of Zin.
  2085 | D:3      | 2085 ||| PLANNING D:1-11
  2198 | D:2      | Found a runed translucent door.
  2199 | D:2      | Noticed Crazy Yiuf
  2279 | D:2      | 2279 ||| UPGRADING to +0 helmet.
  2600 | D:4      | 2600 ||| STAIRDANCE
  2606 | D:3      | Reached XP level 6. HP: 35/35 MP: 8/8
  2636 | D:4      | HP: 7/35 [iguana (2)]
  2790 | D:4      | Found a hide-covered altar of Uskayaw.
  2849 | D:4      | Reached skill level 10 in Ranged Weapons
  2877 | D:4      | 2877 ||| RETREEEEATING.
  2878 | D:4      | 2878 ||| RETREEEEATING.
  2879 | D:4      | 2879 ||| RETREEEEATING.
  2880 | D:4      | 2880 ||| RETREEEEATING.
  2881 | D:4      | 2881 ||| RETREEEEATING.
  2890 | D:4      | Reached skill level 3 in Dodging
  2906 | D:4      | Reached skill level 1 in Armour
  2990 | D:4      | Found a shimmering blue altar of Sif Muna.
  3081 | D:4      | Reached XP level 7. HP: 36/40 MP: 9/9
  3120 | D:4      | Found a glowing silver altar of Zin.
  3277 | D:4      | 3277 ||| READING scroll of identify.
  3277 | D:4      | 3277 ||| IDENTIFYING dark potion
  3278 | D:4      | 3278 ||| READING scroll labelled EGUTAU GEICU.
  3279 | D:4      | 3279 ||| DROPPING potion of ambrosia.
  3281 | D:4      | 3281 ||| Stepping ~*~*~tactically~*~*~ (cloud).
  3394 | D:5      | Entered Level 5 of the Dungeon
  3395 | D:5      | 3395 ||| STAIRDANCE
  3399 | D:5      | 3399 ||| STAIRDANCE
  3407 | D:5      | HP: 10/40 [phantom (4)]
  3408 | D:5      | 3408 ||| READING scroll of teleportation.
  3412 | D:5      | HP: 5/40 [phantom (6)]
  3417 | D:5      | HP: 1/40 [phantom (4)]
  3418 | D:5      | Slain by a phantom

Levels and vault maps discovered:
D:1:      minmay_arrival_floating_metal, layout_basic, serial_glass,
          glass_columns_b, glass_columns_a, glass_columns_a, glass_columns_a,
          glass_columns_a, glass_columns_a, glass_columns_c, glass_columns_b,
          ebering_ecumenical_altar_ruins, minmay_door_square,
          roderic_roman_lattice, feat_on_display
D:2:      layout_rooms, grunt_decor_junction, uniq_crazy_yiuf_cottage,
          uniq_robin
D:3:      layout_loops_ring, gammafunk_ghost_arena, portal_sewer_entry_a,
          moated_statue, dreamdust_wishing_well
D:4:      layout_rooms, mainiacjoe_overflow_alcove_1, kennysheep_mini,
          mainiacjoe_overflow_six_doors_small, serial_demonic, serial_demonic_a,
          serial_demonic_e, serial_demonic_d, serial_demonic_b
D:5:      layout_basic, nicolae_tso_besieged_by_evil,
          mainiacjoe_overflow_divided_tiny, nicolae_wormholes

Skill      XL: |  1  2  3  4  5  6 |
---------------+-------------------+-----
Ranged Weapons | 6 7 8 9 10 | 10.9
Fighting       | 2 |  2.1
Dodging        | 3 |  3.0
Armour         | 1 |  1.0
Stealth        | |  1.2

Action                     |  1- 3 |  4- 6 |  7- 9 || total
---------------------------+-------+-------+-------++-------
   Fire: Shortbow          |   104 |   249 |    29 ||   382
    Use: Scroll            |     4 |     7 |     3 ||    14
         Potion            |       |     3 |       ||     3
 Armour: Leather armour    |     7 |       |       ||     7
         Ring mail         |     9 |    53 |    19 ||    81
  Dodge: Dodged            |    28 |    97 |    13 ||   138

Table legend:
 A = Non-vault XP
 B = Vault XP
 C = Vault XP percentage of total XP
 D = Non-vault monster count
 E = Vault monster count
 F = Vault count percentage of total count
                 A         B        C        D         E       F
            +---------+---------+-------+---------+---------+-------
      Total |     617 |     290 |  32.0 |      82 |      39 |  32.2
            +---------+---------+-------+---------+---------+-------
        D:1 |      54 |       0 |   0.0 |      23 |       0 |   0.0
        D:2 |      22 |      36 |  62.1 |      11 |      11 |  50.0
        D:3 |     150 |       9 |   5.7 |      23 |       7 |  23.3
        D:4 |     288 |     121 |  29.6 |      24 |       9 |  27.3
        D:5 |     103 |       0 |   0.0 |       1 |       0 |   0.0
      Sewer |       0 |     124 | 100.0 |       0 |      12 | 100.0
            +---------+---------+-------+---------+---------+-------
